 Dungeon Crawl Stone Soup version 0.22.0-27-ga576289601 (webtiles) character file.

46 Kniotic the Insei (level 3, 0/29 HPs)
             Began as a Demonspawn Monk on Aug 21, 2018.
             Hit by a goblin thrown by Robin (1 damage)
             ... on level 2 of the Dungeon.
             The game lasted 00:01:16 (1262 turns).

Kniotic the Insei (Demonspawn Monk)                 Turns: 1262, Time: 00:01:17

Health: 0/29       AC:  2    Str: 12    XL:     3   Next: 44%
Magic:  3/3        EV: 13    Int: 11    God:
Gold:   88         SH:  0    Dex: 15    Spells: 2/2 levels left

rFire    . . .     SeeInvis .     - Unarmed
rCold    . . .     Gourm    .   (no shield)
rNeg     . . .     Faith    .   a - +0 robe
rPois    .         Spirit   .   (no helmet)
rElec    .         Reflect  .   (no cloak)
rCorr    .         Harm     .   (no gloves)
MR       .....                  (no boots)
Stlth    ++........             (no amulet)
HPRegen  0.09/turn              (no ring)
MPRegen  0.08/turn              (no ring)

@: drained
A: talons 1, spiny 1
a: no special abilities


You were on level 2 of the Dungeon.
You were not hungry.

You visited 1 branch of the dungeon, and saw 2 of its levels.

You collected 88 gold pieces.

Inventory:

Armour
 a - a +0 robe (worn)
Jewellery
 g - an uncursed ring of resist corrosion {unknown}
Scrolls
 e - a scroll of random uselessness {unknown}
 f - 3 scrolls of teleportation {unknown}
 i - a scroll of immolation {unknown}
 j - 2 scrolls of remove curse {unknown}
 l - 2 scrolls of identify {unknown}
 n - a scroll of enchant weapon {unknown}
Potions
 c - a potion of resistance {unknown}
 d - a potion of mutation {unknown}
 h - a potion of curing {unknown}
 k - 2 potions of brilliance {unknown}
Comestibles
 b - 2 rations
 m - 6 chunks of flesh


   Skills:
 - Level 3.0(2.9) Fighting
 - Level 2.6 Dodging
 - Level 1.7 Stealth
 + Level 4.1 Unarmed Combat


You had 2 spell levels left.
You didn't know any spells.
Your spell library was empty.

Dungeon Overview and Level Annotations

Branches:
Dungeon (2/15)

Altars:

Annotations:
D:2 Robin


Innate Abilities, Weirdness & Mutations

You have sharp toenails.
You are partially covered in sharp spines.


Message History

You kill the goblin!
You see here a stone.
Robin throws the goblin at you!
* * * LOW HITPOINT WARNING * * *
The goblin is struck by your spines. The goblin closely misses you.
You hit the goblin.
You kill the goblin!
The hobgoblin closely misses you. The goblin misses you.
Things that are here:
a dagger; a goblin corpse You hit the goblin.
You kill the goblin!
You barely miss the hobgoblin. You claw the hobgoblin.
The hobgoblin is severely wounded.
The hobgoblin is struck by your spines. The hobgoblin hits you with a club!
* * * LOW HITPOINT WARNING * * *
You hit the hobgoblin.
You kill the hobgoblin!
Robin throws the goblin at you!
You die...

###...#.#.#...#
###+#######...#.#.#...#
#.......#...#...#...#..
##.........#.#.#...#.#.#
#........###############
#........# #........#
#.....g..# ##.....@.#
#######)### #........#
#....).g.# #........#
#.....(..# #....))).#
+.....)).# #.....)..#


You could see Robin and a goblin.

Vanquished Creatures
  An ooze (D:1)
  A leopard gecko (D:2)
  A giant cockroach (D:1)
  19 goblins
  2 hobgoblins
  2 jackals (D:1)
  3 kobolds
  2 frilled lizards
  2 rats (D:1)
33 creatures vanquished.

Notes
Turn   | Place    | Note
-------+----------+-------------------------------------------
     0 | D:1      | Kniotic the Demonspawn Monk began the quest for the Orb.
     0 | D:1      | Reached XP level 1. HP: 18/18 MP: 1/1
    56 | D:1      | Reached skill level 3 in Unarmed Combat
   169 | D:1      | Gained mutation: You have sharp toenails. [demonic ancestry]
   169 | D:1      | Reached XP level 2. HP: 24/24 MP: 2/2
  1062 | D:2      | Gained mutation: You are partially covered in sharp spines. [demonic ancestry]
  1062 | D:2      | Reached XP level 3. HP: 23/29 MP: 3/3
  1244 | D:2      | Reached skill level 4 in Unarmed Combat
  1244 | D:2      | Noticed Robin
  1261 | D:2      | HP: 1/29 [hobgoblin/club[Robin] (7)]
  1262 | D:2      | Hit by a goblin thrown by Robin

Skill      XL: |  1  2  3 |
---------------+----------+-----
Unarmed Combat | 3 4 |  4.1
Fighting       | |  3.0
Dodging        | |  2.6
Stealth        | |  1.7

Action                   || total
-------------------------++-------
Melee: Unarmed           ||    71
       Kick              ||    13
 Stab: Sleeping          ||     5
  Eat: Chunk             ||     1
Armor: Robe              ||    10
Dodge: Dodged            ||    42
